[Event "Titled Tuesday Blitz September 28 2021"]
[White "Garcia Garcia, Alejandro"]
[Black "Havanecz, Bianka"]
[WhiteFideId "3516334"]
[BlackFideId "704814"]
[WhiteElo "2131"]
[BlackElo "2408"]
[Result "0-1"]
[Round "10"]
[TimeControl "180+1"]
[Date "2021.09.28"]
[WhiteClock "0:00:51"]
[BlackClock "0:00:09"]

1. Nf3 d5 2. g3 Bg4 3. Bg2 e6 4. h3 Bxf3 5. exf3 Nf6 6. O-O Be7 7. f4 O-O 8. b3 c6 9. Bb2 Nbd7 10. d3 Re8 11. c4 Nf8 12. Nd2 Rc8 13. Nf3 Ng6 14. Ne5 Nd7 15. Re1 Bf6 16. Qe2 Rc7 17. Rad1 Ndf8 18. Nxg6 hxg6 19. Bxf6 gxf6 20. Qe3 b6 21. h4 f5 22. h5 Kg7 23. Qe5+ Kh7 24. hxg6+ Nxg6 25. Qe2 Kg7 26. Qb2+ Qf6 27. Qxf6+ Kxf6 28. cxd5 cxd5 29. Bxd5 Rc2 30. a4 Rd8 31. Bc4 Ne7 32. d4 Rb2 33. Re2 Rxe2 34. Bxe2 Nc6 35. d5 Rxd5 36. Bf3 Rxd1+ 37. Bxd1 Ke7 38. Kf1 Kd6 39. Ke2 Kc5 40. Kd3 Kb4 41. f3 Na5 42. Kd4 f6 43. g4 fxg4 44. fxg4 Nc6+ 45. Ke4 a5 46. g5 fxg5 47. fxg5 Kc3 48. g6 Ne7 49. g7 Kd2 50. Bg4 Kc3 51. Bxe6 Kb4 52. g8=Q Nxg8 53. Bxg8 b5 54. axb5 Kxb5 55. Be6 Kb4 56. Bd7 Kxb3 57. Ba4+ Kxa4 58. Kd3 Kb3 59. Kd2 Kb2 0-1


[Site "https://www.chess.com"]

[Event "Titled Tuesday Blitz September 28 2021"]
[White "Garrido Outon, Alex"]
[Black "Rozman, Levy"]
[WhiteFideId "24516279"]
[BlackFideId "2039877"]
[WhiteElo "2131"]
[BlackElo "2376"]
[Result "0-1"]
[Round "10"]
[TimeControl "180+1"]
[Date "2021.09.28"]
[WhiteClock "0:00:02"]
[BlackClock "0:00:08"]

1. e4 d5 2. exd5 Nf6 3. Nf3 Bg4 4. h3 Bxf3 5. Qxf3 Qxd5 6. Be2 Nc6 7. Nc3 Qd7 8. Bb5 e6 9. d3 Bb4 10. a3 Bxc3+ 11. bxc3 Nd5 12. c4 Nde7 13. Bb2 O-O 14. Qg4 f6 15. O-O a6 16. Ba4 Nf5 17. Rae1 Qd6 18. c5 Qxc5 19. Rxe6 Ncd4 20. Re4 Rad8 21. c3 Nc6 22. d4 Qa5 23. d5 Qxd5 24. Rd1 Qc5 25. Bb3+ Kh8 26. Rxd8 Nxd8 27. Rc4 Qe5 28. Re4 Qb5 29. Rb4 Qd3 30. Bc4 Qc2 31. Bb3 Qb1+ 32. Bd1 Nh6 33. Qe2 b5 34. c4 c5 35. Rb3 bxc4 36. Rb8 c3 0-1


[Site "https://www.chess.com"]

[Event "Titled Tuesday Blitz September 28 2021"]
[White "Garv Gaur"]
[Black "Seo, Jung Min"]
[WhiteFideId "45030839"]
[BlackFideId "1734687"]
[WhiteElo "1950"]
[BlackElo "2486"]
[Result "0-1"]
[Round "10"]
[TimeControl "180+1"]
[Date "2021.09.28"]
[WhiteClock "0:02:31"]
[BlackClock "0:02:18"]

1. d4 Nf6 2. Nf3 g6 3. c4 Bg7 4. g3 c5 5. d5 e6 6. Bg2 exd5 7. cxd5 O-O 8. O-O d6 9. Nc3 Re8 10. Nd2 Nbd7 11. Nc4 Ne5 12. Nxe5 Rxe5 13. Bf4 Rh5 14. Be3 Ng4 15. Bf4 Rxh2 16. e4 g5 17. Bd2 Rh6 18. f4 Bd4+ 0-1


[Site "https://www.chess.com"]

[Event "Titled Tuesday Blitz September 28 2021"]
[White "Golubev, Mikhail"]
[Black "Molina, Roberto Junio Brito"]
[WhiteFideId "14100983"]
[BlackFideId "2109450"]
[WhiteElo "2374"]
[BlackElo "2402"]
[Result "0-1"]
[Round "10"]
[TimeControl "180+1"]
[Date "2021.09.28"]
[WhiteClock "0:01:06"]
[BlackClock "0:01:14"]

1. e4 c6 2. d4 d5 3. e5 Bf5 4. h4 Qb6 5. Ne2 h6 6. Ng3 Bd7 7. c3 e6 8. Be2 c5 9. dxc5 Bxc5 10. O-O Bb5 11. b4 Be7 12. Be3 Bxe2 13. Qxe2 Qc7 14. f4 h5 15. f5 Qxe5 16. Qb5+ Nd7 17. Bf4 Qf6 18. Qxb7 Rd8 19. Bc7 Qxh4 20. Bxd8 Bxd8 21. fxe6 fxe6 22. Qc6 Bb6+ 23. Rf2 Qxg3 24. Qxe6+ Ne7 25. Qf7+ Kd8 26. Qf3 h4 27. Kf1 Bxf2 0-1


[Site "https://www.chess.com"]

[Event "Titled Tuesday Blitz September 28 2021"]
[White "Gontcharov, Vladislav"]
[Black "Krzywda, Andrzej"]
[WhiteFideId "4123492"]
[BlackFideId "1114565"]
[WhiteElo "2503"]
[BlackElo "2139"]
[Result "1-0"]
[Round "10"]
[TimeControl "180+1"]
[Date "2021.09.28"]
[WhiteClock "0:00:32"]
[BlackClock "0:00:49"]

1. e4 c5 2. Nf3 Nc6 3. d4 cxd4 4. Nxd4 g6 5. c4 Nf6 6. Nc3 d6 7. Be2 Nxd4 8. Qxd4 Bg7 9. Bg5 O-O 10. O-O a5 11. Rfd1 Be6 12. Qd2 a4 13. Rac1 Qa5 14. f3 Rfc8 15. b3 axb3 16. axb3 Qb4 17. Nd5 Qxd2 18. Rxd2 Nxd5 19. exd5 Bf5 20. g4 Bd7 21. Bxe7 Bd4+ 22. Rxd4 Re8 23. Re4 f5 24. Re3 Ra2 25. Kf2 fxg4 26. Bxd6 Rxe3 27. Kxe3 gxf3 28. Bxf3 Rb2 29. Rc3 g5 30. c5 g4 31. Be4 h5 32. c6 bxc6 33. dxc6 Bc8 34. b4 h4 35. Bd5+ Kh7 36. Rb3 Rc2 37. Be4+ 1-0


[Site "https://www.chess.com"]

[Event "Titled Tuesday Blitz September 28 2021"]
[White "Gracia Alvarez, Gerardo Antonio"]
[Black "Leitao, Rafael"]
[WhiteFideId "5109124"]
[BlackFideId "2101246"]
[WhiteElo "2148"]
[BlackElo "2609"]
[Result "1-0"]
[Round "10"]
[TimeControl "180+1"]
[Date "2021.09.28"]
[WhiteClock "0:00:02"]
[BlackClock "0:00:07"]

1. e4 c5 2. Nf3 e6 3. d3 Nc6 4. g3 g6 5. Bg2 Bg7 6. c3 d6 7. h4 h6 8. O-O Nge7 9. d4 cxd4 10. cxd4 d5 11. e5 Nf5 12. Nc3 Qb6 13. Ne2 Bd7 14. Rb1 f6 15. Nf4 fxe5 16. Nxg6 e4 17. Nfe5 Nxe5 18. Nxh8 Bxh8 19. dxe5 O-O-O 20. Bf4 Bb5 21. Re1 Kb8 22. Qh5 Rc8 23. Rbc1 Bc6 24. Qf7 Nd4 25. Rcd1 Qxb2 26. Rb1 Qxa2 27. Kh2 Nc2 28. Qxe6 Nxe1 29. Rxe1 Qxf2 30. Rf1 Qb2 31. Qf7 e3 32. e6+ Ka8 33. e7 d4 34. Rg1 e2 35. Bxc6 e1=Q+ 36. Rg2 Qxg2+ 37. Bxg2 Rb8 38. e8=Q Qxe8 39. Bxb7+ Rxb7 40. Qxe8+ Rb8 41. Qxb8# 1-0


[Site "https://www.chess.com"]

[Event "Titled Tuesday Blitz September 28 2021"]
[White "Gritsenko, Nikolai"]
[Black "Vokhidov, Shamsiddin"]
[WhiteFideId "14112493"]
[BlackFideId "14204223"]
[WhiteElo "2389"]
[BlackElo "2616"]
[Result "1-0"]
[Round "10"]
[TimeControl "180+1"]
[Date "2021.09.28"]
[WhiteClock "0:00:05"]
[BlackClock "0:00:09"]

1. b3 a5 2. Nc3 d5 3. e3 g6 4. Bb2 Bg7 5. Nf3 Nf6 6. d4 O-O 7. Be2 c6 8. a4 Na6 9. O-O Nb4 10. Na2 Bf5 11. Nxb4 axb4 12. Bd3 Ne4 13. Nd2 Nd6 14. Bxf5 Nxf5 15. Rb1 Qc7 16. Nf3 Nd6 17. Qd2 Qa5 18. Rfc1 b5 19. Ra1 Ne4 20. Qe1 c5 21. Ne5 c4 22. Nc6 Qc7 23. Nxb4 Qd7 24. f3 Nf6 25. axb5 Qxb5 26. bxc4 Qxc4 27. Qc3 Qb5 28. Nd3 Rac8 29. Qb3 Qd7 30. Nc5 Qf5 31. Qd3 Qg5 32. Ra7 Nh5 33. Re1 Rxc5 34. dxc5 Bxb2 35. c6 Be5 36. f4 Qh4 37. g3 Nxg3 38. fxe5 Ne4 39. Re2 Qg5+ 40. Rg2 Qxe5 41. Qd4 Qd6 42. c7 Rc8 43. c4 Qb4 44. Rb2 Qe1+ 45. Kg2 Qh4 46. Ra8 Qg4+ 47. Kf1 Qh3+ 48. Ke1 Rxa8 49. Rb8+ Qc8 50. Rxc8+ Rxc8 51. Qxd5 Nd6 52. c5 Rxc7 53. cxd6 exd6 54. Qxd6 Rc8 55. Ke2 Re8 56. Kf3 Re6 57. Qd4 h5 58. h4 Kf8 59. Kf4 Kg8 60. e4 Kh7 61. Kg5 Ra6 62. e5 Re6 63. Qd5 Kg7 64. Qd4 Kh7 65. Kf4 Kg7 66. Qd7 Kg8 67. Ke4 Kg7 68. Kd5 Kg8 69. Qxe6 fxe6+ 70. Kxe6 g5 71. Kd7 gxh4 72. e6 h3 73. e7 h2 74. e8=Q+ Kg7 75. Qxh5 1-0


[Site "https://www.chess.com"]

[Event "Titled Tuesday Blitz September 28 2021"]
[White "Harshavardhan G B"]
[Black "Jain Kashish Manoj"]
[WhiteFideId "25059009"]
[BlackFideId "35081098"]
[WhiteElo "1825"]
[BlackElo "1681"]
[Result "1/2-1/2"]
[Round "10"]
[TimeControl "180+1"]
[Date "2021.09.28"]
[WhiteClock "0:01:17"]
[BlackClock "0:00:05"]

1. e4 c5 2. Nf3 d6 3. d4 cxd4 4. Nxd4 Nf6 5. Nc3 Nc6 6. Bg5 e6 7. Qd2 a6 8. O-O-O Bd7 9. f3 Nxd4 10. Qxd4 Be7 11. Kb1 Qc7 12. h4 b5 13. h5 h6 14. Be3 O-O 15. g4 b4 16. Ne2 Rfc8 17. Rc1 Ba4 18. b3 Bb5 19. g5 hxg5 20. Bxg5 Qc5 21. Qxc5 Rxc5 22. Be3 Rxh5 23. Rxh5 Nxh5 24. Nd4 Bxf1 25. Rxf1 Rc8 26. Bd2 Bf6 27. Ne2 a5 28. f4 g6 29. f5 exf5 30. exf5 Kg7 31. fxg6 fxg6 32. Nc1 Re8 33. a3 Ng3 34. Rd1 Ne4 35. axb4 Bc3 36. Be3 axb4 37. Na2 Ra8 38. Bd4+ Kf7 39. Bxc3 bxc3 40. Rd4 d5 41. Rxd5 Rh8 42. Rd1 Ke6 43. Re1 Kf5 44. Nb4 Nd2+ 45. Kc1 Ra8 46. Kd1 Ra1+ 47. Ke2 Rxe1+ 48. Kxe1 Ke4 49. Ke2 g5 50. Nd3 g4 51. Nf2+ Kf4 52. Nd1 Nb1 53. Kf2 g3+ 54. Kg2 Kg4 55. b4 Na3 56. Nxc3 Nxc2 57. b5 Ne3+ 58. Kg1 Nc4 59. Nd5 Kh3 60. b6 Ne5 61. Nf4+ Kg4 62. b7 Nd7 63. Nd5 Kf5 64. Kg2 Ke5 65. Ne7 Kd6 66. Nf5+ Kc7 67. Ne3 Kxb7 68. Nc4 Kc6 69. Ne5+ Nxe5 70. Kxg3 1/2-1/2


[Site "https://www.chess.com"]

[Event "Titled Tuesday Blitz September 28 2021"]
[White "Herrera Reyes, Jose Antonio"]
[Black "Kovalev, Vladislav"]
[WhiteFideId "2274914"]
[BlackFideId "13504398"]
[WhiteElo "2361"]
[BlackElo "2573"]
[Result "0-1"]
[Round "10"]
[TimeControl "180+1"]
[Date "2021.09.28"]
[WhiteClock "0:01:25"]
[BlackClock "0:00:24"]

1. Nf3 Nf6 2. g3 g6 3. Bg2 Bg7 4. d3 O-O 5. Nc3 d6 6. h4 e5 7. h5 Nxh5 8. Bg5 Nf6 9. Qd2 h5 10. O-O-O c6 11. Rh4 Re8 12. Rdh1 d5 13. Bh6 d4 14. Bxg7 Kxg7 15. Ne4 Nxe4 16. dxe4 Qf6 17. g4 Bxg4 18. Rxg4 hxg4 19. Qh6+ Kg8 20. Ng5 Nd7 21. Qh7+ Kf8 22. Qh4 Ke7 23. Qxg4 Rh8 24. Rd1 Qf4+ 25. Qxf4 exf4 26. Rxd4 Rh2 27. Bf3 Ne5 28. b3 f6 29. Rb4 b5 30. a4 a5 31. Rd4 b4 32. Bg4 fxg5 33. Bf3 Rd8 34. Rxd8 Kxd8 35. Kd2 0-1


[Site "https://www.chess.com"]

[Event "Titled Tuesday Blitz September 28 2021"]
[White "Iskusnyh, Sergei"]
[Black "Martins, Igor Carvalho Ribeiro"]
[WhiteFideId "4120027"]
[BlackFideId "2162962"]
[WhiteElo "2492"]
[BlackElo "2495"]
[Result "1-0"]
[Round "10"]
[TimeControl "180+1"]
[Date "2021.09.28"]
[WhiteClock "0:01:44"]
[BlackClock "0:00:46"]

1. d4 Nf6 2. c4 e6 3. g3 d5 4. Bg2 Be7 5. Nf3 O-O 6. Qc2 c6 7. O-O Nbd7 8. Rd1 b6 9. b3 Bb7 10. Nc3 Rc8 11. e4 dxe4 12. Nxe4 c5 13. Nxf6+ Bxf6 14. Ng5 Bxg5 15. Bxb7 Rc7 16. dxc5 Bxc1 17. Raxc1 Rxb7 18. c6 Rc7 19. cxd7 Rxd7 20. Rxd7 Qxd7 21. Rd1 Qc6 22. Qd3 Qc5 23. Qd6 Qa5 24. a4 h6 25. h4 Qc3 26. Rd3 Qc2 27. Qd7 g6 28. Kg2 h5 29. Rf3 Qe4 30. Qxa7 1-0


[Site "https://www.chess.com"]

[Event "Titled Tuesday Blitz September 28 2021"]
[White "Kamsky, Gata"]
[Black "Suvorov, Alexander"]
[WhiteFideId "2000024"]
[BlackFideId "12977063"]
[WhiteElo "2603"]
[BlackElo "2221"]
[Result "1/2-1/2"]
[Round "10"]
[TimeControl "180+1"]
[Date "2021.09.28"]
[WhiteClock "0:00:13"]
[BlackClock "0:00:17"]

1. d4 Nf6 2. Nf3 c5 3. d5 e6 4. Nc3 exd5 5. Nxd5 Nxd5 6. Qxd5 Nc6 7. c3 d6 8. e4 Be6 9. Qg5 h6 10. Qxd8+ Rxd8 11. Be3 d5 12. exd5 Bxd5 13. Be2 Be7 14. O-O O-O 15. Rfd1 Be6 16. a3 b6 17. Bf4 g5 18. Bc7 Rxd1+ 19. Rxd1 Rc8 20. Bd6 Rd8 21. Bxe7 Rxd1+ 22. Bxd1 Nxe7 23. Nd2 Bd5 24. g3 f5 25. Kf1 Kf7 26. Ke2 Ke6 27. Ke3 Ng6 28. f4 gxf4+ 29. gxf4 Nh4 30. Kf2 Ng2 31. Kg3 Ne3 32. Be2 a5 33. Kf2 Ng4+ 34. Bxg4 fxg4 35. Nf1 h5 36. Kg3 Kf6 37. Ne3 Bf3 38. Kh4 b5 39. b4 cxb4 40. cxb4 axb4 41. axb4 Kg6 42. Kg3 Kf6 43. Nc2 Bc6 44. Nd4 Bd7 45. Kh4 Kg6 46. Kg3 Kf6 47. Kh4 Kg6 48. f5+ Kh6 49. f6 Kg6 50. f7 Kxf7 51. Kxh5 Kf6 52. Nc2 Ke5 53. Kg5 Ke4 54. Kh4 Kd3 55. Na3 Kc3 56. Nxb5+ Bxb5 57. Kxg4 Kxb4 58. Kg5 Bd3 59. h4 Bb1 60. h5 Bc2 61. h6 Bb1 62. Kf6 Bc2 63. Kg7 Bb1 64. h7 Bxh7 1/2-1/2


[Site "https://www.chess.com"]

[Event "Titled Tuesday Blitz September 28 2021"]
[White "Kanyamarala, Trisha"]
[Black "Balabayeva, Xeniya"]
[WhiteFideId "45004722"]
[BlackFideId "13719688"]
[WhiteElo "2038"]
[BlackElo "1965"]
[Result "0-1"]
[Round "10"]
[TimeControl "180+1"]
[Date "2021.09.28"]
[WhiteClock "0:00:22"]
[BlackClock "0:00:54"]

1. d4 d5 2. c4 e6 3. Nc3 a6 4. cxd5 exd5 5. Bf4 Nf6 6. e3 Bd6 7. Bd3 Bxf4 8. exf4 Qd6 9. g3 Nc6 10. Be2 Bf5 11. a3 O-O 12. Nf3 Rfe8 13. Ne5 Ne4 14. Nxe4 Bxe4 15. f3 Bf5 16. O-O Na7 17. g4 Bd7 18. f5 f6 19. f4 fxe5 20. fxe5 Qb6 21. f6 Be6 22. g5 g6 23. Bg4 Bf7 24. Rc1 Rxe5 25. h4 Re4 26. Bf3 Rxd4 27. Qe1 Rxh4+ 28. Qf2 Qxf2+ 29. Kxf2 Rc4 30. Rxc4 dxc4 31. Bxb7 Rb8 32. Bxa6 Rxb2+ 33. Ke3 c3 34. Rd1 Rb8 35. Rc1 Rb3 36. Kd4 Rxa3 37. Bd3 Nc6+ 38. Kc5 Ne5 39. Be4 Ra4 40. Bb7 Rc4+ 41. Kb5 c2 42. Ra1 Be8+ 43. Ka5 Ra4+ 44. Rxa4 Bxa4 45. Bd5+ Kf8 0-1


[Site "https://www.chess.com"]

[Event "Titled Tuesday Blitz September 28 2021"]
[White "Karttunen, Mika"]
[Black "Rozhkov, Viacheslav"]
[WhiteFideId "502081"]
[BlackFideId "4181484"]
[WhiteElo "2343"]
[BlackElo "2324"]
[Result "1-0"]
[Round "10"]
[TimeControl "180+1"]
[Date "2021.09.28"]
[WhiteClock "0:00:11"]
[BlackClock "0:00:27"]

1. e4 c5 2. Nf3 d6 3. d4 cxd4 4. Nxd4 Nf6 5. Nc3 Nc6 6. Bc4 Bd7 7. Bb3 Rc8 8. Be3 Ng4 9. Nf5 Bxf5 10. exf5 Nxe3 11. fxe3 Ne5 12. Qd5 Qb6 13. O-O-O Rc5 14. Qe4 g6 15. Nd5 Qc6 16. Rhf1 Bg7 17. Kb1 b5 18. g4 a5 19. a4 b4 20. h4 Qd7 21. h5 g5 22. f6 exf6 23. h6 Qxg4 24. hxg7 1-0


[Site "https://www.chess.com"]

[Event "Titled Tuesday Blitz September 28 2021"]
[White "Khusnutdinov, Rustam"]
[Black "Quparadze, Giga"]
[WhiteFideId "13701703"]
[BlackFideId "13602250"]
[WhiteElo "2571"]
[BlackElo "2658"]
[Result "1-0"]
[Round "10"]
[TimeControl "180+1"]
[Date "2021.09.28"]
[WhiteClock "0:00:56"]
[BlackClock "0:00:25"]

1. e4 c5 2. Nf3 e6 3. g3 Nc6 4. Bg2 Nf6 5. Qe2 d6 6. O-O Be7 7. c3 Bd7 8. d4 cxd4 9. cxd4 d5 10. e5 Ne4 11. Rd1 O-O 12. Ne1 f5 13. f3 Ng5 14. Nc3 Rc8 15. Be3 Qb6 16. Rac1 Na5 17. Bf2 Nc4 18. Nd3 Qa6 19. Nc5 Bxc5 20. dxc5 Nf7 21. f4 Bc6 22. b3 Na3 23. Qxa6 bxa6 24. Ne2 Nd8 25. Be1 Rb8 26. Ba5 Nb7 27. Bc7 Rbc8 28. Bd6 Rfe8 29. Nd4 Nd8 30. Bf1 Nb5 31. Bxb5 axb5 32. Kf2 a5 33. Ke3 Kf7 34. Rg1 g6 35. g4 fxg4 36. Rxg4 Bd7 37. h4 b4 38. h5 Nc6 39. Nf3 Rh8 40. Ng5+ Ke8 41. Rh1 Ne7 42. hxg6 Nf5+ 43. Kd2 h5 44. Nf7 Rg8 45. Rxh5 d4 46. Nh6 Ng7 47. Nxg8 Nxh5 48. Nf6+ Nxf6 49. exf6 1-0


[Site "https://www.chess.com"]

[Event "Titled Tuesday Blitz September 28 2021"]
[White "Kislov, Oleg"]
[Black "Cunha, Lucas Aguiar"]
[WhiteFideId "13503774"]
[BlackFideId "2125404"]
[WhiteElo "2252"]
[BlackElo "2361"]
[Result "1-0"]
[Round "10"]
[TimeControl "180+1"]
[Date "2021.09.28"]
[WhiteClock "0:00:26"]
[BlackClock "0:00:01"]

1. e4 c5 2. Nf3 e6 3. c3 d5 4. exd5 Qxd5 5. d4 Nf6 6. Be2 Be7 7. O-O O-O 8. c4 Qd6 9. dxc5 Qxc5 10. Be3 Qc7 11. Qc1 Nc6 12. a3 b6 13. Nc3 Bb7 14. Nb5 Qc8 15. Rd1 Na5 16. Qc2 Be4 17. Qc3 Bg6 18. Nd2 a6 19. Bxb6 Nc6 20. Nd4 Ne5 21. N4f3 Ned7 22. Be3 a5 23. b4 Ng4 24. c5 Bf6 25. Nd4 Nxe3 26. Qxe3 axb4 27. axb4 Rb8 28. Rab1 Bxb1 29. Rxb1 Rd8 30. Nb5 Ne5 31. Nd6 Qc7 32. N2e4 Be7 33. Qf4 f6 34. Qd2 Qa7 35. Qb2 Qc7 36. Qb3 Qd7 37. Bc4 Nxc4 38. Qxc4 Bxd6 39. Nxd6 Qe7 40. b5 Re8 41. b6 Red8 42. b7 Kf8 43. Qb5 1-0


[Site "https://www.chess.com"]

[Event "Titled Tuesday Blitz September 28 2021"]
[White "Kollars, Dmitrij"]
[Black "Sethuraman, S.P."]
[WhiteFideId "12909572"]
[BlackFideId "5021596"]
[WhiteElo "2584"]
[BlackElo "2477"]
[Result "0-1"]
[Round "10"]
[TimeControl "180+1"]
[Date "2021.09.28"]
[WhiteClock "0:00:03"]
[BlackClock "0:00:11"]

1. e4 e5 2. Nf3 Nc6 3. Bb5 a6 4. Ba4 Nf6 5. O-O b5 6. Bb3 Bc5 7. c3 d6 8. d4 Bb6 9. Be3 O-O 10. Nbd2 h6 11. h3 Re8 12. a4 Rb8 13. Re1 exd4 14. cxd4 Nb4 15. Qb1 c5 16. a5 Bxa5 17. dxc5 dxc5 18. e5 Nfd5 19. Bxc5 Bb6 20. Bd6 Bc7 21. Ne4 Bf5 22. Nd4 Bxe4 23. Rxe4 Bxd6 24. exd6 Qxd6 25. Qe1 Rxe4 26. Qxe4 Nf6 27. Qh4 Qc5 28. Nf3 Nd3 29. Rxa6 Re8 30. Kh2 Nxf2 31. Qf4 N2e4 32. Ra1 g5 33. Qc1 Qd6+ 34. Kg1 Qb6+ 35. Kh2 Qd6+ 36. Kg1 Ng3 37. Qd1 Ne2+ 38. Kh1 Ng3+ 39. Kg1 Qb6+ 40. Kh2 Ne2 41. Qd2 Qb8+ 42. Kh1 Ne4 43. g4 Nxd2 0-1


[Site "https://www.chess.com"]

[Event "Titled Tuesday Blitz September 28 2021"]
[White "Kovalchuk94"]
[Black "Silvestre, Christian"]
[BlackFideId "30956269"]
[WhiteElo "2678"]
[BlackElo "2498"]
[Result "1-0"]
[Round "10"]
[TimeControl "180+1"]
[Date "2021.09.28"]
[WhiteClock "0:01:44"]
[BlackClock "0:01:17"]

1. d4 e6 2. c4 f5 3. Nf3 Nf6 4. Nc3 d5 5. Bf4 c6 6. e3 Bb4 7. Qb3 Bd6 8. Bxd6 Qxd6 9. Ne5 O-O 10. Be2 Nbd7 11. f4 Ne4 12. Nxe4 fxe4 13. O-O Nf6 14. c5 Qc7 15. Qc3 Rb8 16. b4 Nd7 17. a4 Nxe5 18. fxe5 Bd7 19. b5 Rxf1+ 20. Rxf1 Rf8 21. Rxf8+ Kxf8 22. Qb4 Kg8 23. b6 axb6 24. cxb6 Qb8 25. a5 g6 26. a6 bxa6 27. Bxa6 Kg7 28. b7 Kh6 29. Qd6 Qa7 30. b8=Q Qxa6 31. Qbf8+ 1-0


[Site "https://www.chess.com"]

[Event "Titled Tuesday Blitz September 28 2021"]
[White "Kovanova, Baira"]
[Black "Tanenbaum, Zachary"]
[WhiteFideId "4164083"]
[BlackFideId "2060850"]
[WhiteElo "2187"]
[BlackElo "2165"]
[Result "1/2-1/2"]
[Round "10"]
[TimeControl "180+1"]
[Date "2021.09.28"]
[WhiteClock "0:00:08"]
[BlackClock "0:00:05"]

1. e4 e5 2. Nf3 Nc6 3. Bb5 a6 4. Ba4 d6 5. O-O Nf6 6. Re1 Be7 7. d4 b5 8. dxe5 dxe5 9. Bb3 Qxd1 10. Rxd1 Bg4 11. c3 Bxf3 12. gxf3 O-O 13. Bg5 Rfd8 14. Nd2 Nh5 15. Be3 Na5 16. Bc2 c5 17. a4 h6 18. axb5 axb5 19. Kf1 Nb7 20. c4 Nd6 21. b3 b4 22. Bxc5 Rxa1 23. Rxa1 Nxc4 24. Bxe7 Rxd2 25. bxc4 Rxc2 26. Bxb4 Rxc4 27. Bd2 Rc2 28. Be3 f6 29. Ra8+ Kh7 30. Ra7 Kg6 31. Kg2 Rb2 32. Rc7 Rb3 33. Rd7 Ra3 34. Rc7 Ra2 35. Rb7 Ra1 36. Rc7 Ra2 37. Rb7 Rc2 38. Ra7 Rb2 39. Rc7 Ra2 1/2-1/2


[Site "https://www.chess.com"]

[Event "Titled Tuesday Blitz September 28 2021"]
[White "Krivonosov, Oleg"]
[Black "Hess, Robert"]
[WhiteFideId "11600349"]
[BlackFideId "2022036"]
[WhiteElo "2469"]
[BlackElo "2557"]
[Result "0-1"]
[Round "10"]
[TimeControl "180+1"]
[Date "2021.09.28"]
[WhiteClock "0:00:41"]
[BlackClock "0:00:37"]

1. Nf3 g6 2. d4 Bg7 3. c4 a6 4. e4 d6 5. Nc3 Bg4 6. d5 c5 7. Be2 Nf6 8. O-O O-O 9. h3 Bxf3 10. Bxf3 Nbd7 11. Be2 Re8 12. Bf4 Qa5 13. Qd2 b5 14. Bd3 bxc4 15. Bxc4 Reb8 16. Rab1 Rb4 17. b3 Nh5 18. Na4 Nxf4 19. Qxf4 Rxc4 20. bxc4 Qxa4 21. Rb7 Rf8 22. Rfb1 Qxa2 23. Qc1 Ne5 24. Rxe7 Nd3 25. Qf1 Nxf2 26. e5 Bxe5 27. Re1 Nxh3+ 28. Kh1 Nf2+ 29. Kg1 Ng4 30. Qf3 Bd4+ 31. Kh1 Nf2+ 32. Kh2 Qd2 0-1


[Site "https://www.chess.com"]

[Event "Titled Tuesday Blitz September 28 2021"]
[White "Kuegel, Tobias"]
[Black "Ezat, Mohamed"]
[WhiteFideId "4636295"]
[BlackFideId "10600906"]
[WhiteElo "2421"]
[BlackElo "2414"]
[Result "1-0"]
[Round "10"]
[TimeControl "180+1"]
[Date "2021.09.28"]
[WhiteClock "0:00:09"]
[BlackClock "0:01:28"]

1. e4 c6 2. Nc3 d5 3. Nf3 Bg4 4. h3 Bxf3 5. Qxf3 e6 6. d4 Bb4 7. exd5 cxd5 8. Bb5+ Nc6 9. O-O Nf6 10. Ne2 O-O 11. Bg5 Be7 12. c3 Ne4 13. Bxe7 Nxe7 14. Bd3 Nd2 15. Bxh7+ Kxh7 16. Qd3+ Ne4 17. f3 f5 18. fxe4 dxe4 19. Qg3 Ng6 20. Rad1 Qh4 21. Qxh4+ Nxh4 22. Nf4 Rae8 23. d5 exd5 24. Rxd5 g5 25. Ne2 Kg6 26. Nd4 f4 27. Rd7 e3 28. Rxb7 Re4 29. Rxa7 Rxd4 30. cxd4 e2 31. Re1 f3 32. Ra6+ Kg7 33. gxf3 Nxf3+ 34. Kf2 Nxd4+ 35. Ke3 Rf4 36. Rxe2 Nxe2 37. Kxe2 Rh4 38. a4 Rxh3 39. b4 Rb3 40. b5 g4 41. Kf2 Kf7 42. b6 Kf6 43. Kg2 Kg5 44. Ra5+ Kh4 45. Rb5 Ra3 46. Rb2 Ra2 47. Rxa2 g3 48. b7 Kg4 49. b8=Q Kh5 50. Qb3 Kh4 51. Re2 Kg4 52. Qf3+ Kh4 53. Qxg3+ Kh5 54. Kf3 Kh6 55. Rh2# 1-0


[Site "https://www.chess.com"]

[Event "Titled Tuesday Blitz September 28 2021"]
[White "Langrock, Hannes"]
[Black "Berezin, Viktor"]
[WhiteFideId "4655290"]
[BlackFideId "14107872"]
[WhiteElo "2325"]
[BlackElo "2310"]
[Result "1-0"]
[Round "10"]
[TimeControl "180+1"]
[Date "2021.09.28"]
[WhiteClock "0:00:07"]
[BlackClock "0:00:13"]

1. Nf3 Nf6 2. g3 g6 3. b3 Bg7 4. Bb2 O-O 5. Bg2 d6 6. d4 Nc6 7. O-O a6 8. c4 Rb8 9. Nbd2 b5 10. Rc1 Na5 11. c5 d5 12. Ne5 Nd7 13. Ndf3 f6 14. Nd3 c6 15. Nf4 Qe8 16. Ne6 Rf7 17. Nc7 Qd8 18. Ne6 Qe8 19. Re1 Nf8 20. Nxg7 Rxg7 21. e4 e6 22. exd5 cxd5 23. Bh3 Nc6 24. Bg2 Qd8 25. a3 Bb7 26. Rc2 Re7 27. Rce2 Qc7 28. Qd2 Rbe8 29. Qh6 Na5 30. Qe3 Nc6 31. h4 Nd8 32. Nh2 Nf7 33. Ng4 Nd7 34. Qf3 f5 35. Ne3 Nf6 36. Bf1 Ne4 37. Ng2 e5 38. dxe5 Nxe5 39. Bxe5 Rxe5 40. b4 d4 41. Nf4 Kg7 42. Qd3 Nc3 43. Rxe5 Rxe5 44. Qxd4 Ne4 45. Nd3 Kf6 46. f3 Ke6 47. Qxe5+ Qxe5 48. Nxe5 Kxe5 49. fxe4 fxe4 50. Kf2 Kd4 51. Rd1+ Kc3 52. Ke3 Kb3 53. Rd7 Bc6 54. Rd6 Bb7 55. Rb6 Bc8 56. Rb8 Be6 57. c6 Kxa3 58. c7 Kxb4 59. Rb6 Bc8 60. Rb8 Be6 61. Kxe4 Kc5 62. Ke5 b4 63. Kxe6 a5 64. c8=Q+ Kd4 65. Qc7 Ke3 66. Qe5+ Kf2 67. Rf8+ Kg1 68. Qe3+ Kh2 69. Qf2+ Kh1 70. Qg2# 1-0


[Site "https://www.chess.com"]

[Event "Titled Tuesday Blitz September 28 2021"]
[White "Lazavik, Denis"]
[Black "Tologon tegin, Semetei"]
[WhiteFideId "13515110"]
[BlackFideId "13800574"]
[WhiteElo "2436"]
[BlackElo "2224"]
[Result "1-0"]
[Round "10"]
[TimeControl "180+1"]
[Date "2021.09.28"]
[WhiteClock "0:00:08"]
[BlackClock "0:00:06"]

1. d4 Nf6 2. c4 e6 3. Nf3 b6 4. g3 Bb7 5. Bg2 g6 6. O-O Bg7 7. Bf4 O-O 8. Nc3 Ne4 9. Nb5 d6 10. Ng5 Nxg5 11. Bxb7 Nh3+ 12. Kh1 Nd7 13. Be3 Rb8 14. Bg2 Ng5 15. h4 h6 16. hxg5 hxg5 17. Nc3 f5 18. f3 Bf6 19. Kg1 Kg7 20. Bf2 Rh8 21. e4 f4 22. e5 dxe5 23. Ne4 Qg8 24. dxe5 Nxe5 25. Nxf6 Kxf6 26. Bd4 Qh7 27. Re1 Qh2+ 28. Kf1 Rh3 29. Bxe5+ Ke7 30. Bxc7 Rxg3 31. Qd6+ Kf7 32. Qxe6+ Kg7 33. Qd7+ Kh6 34. Re2 Rh8 35. Be5 Rh7 36. Qd8 Kh5 37. Qg8 Rh6 38. Bg7 g4 39. Bxh6 gxf3 40. Qd5+ Kh4 41. Qxf3 Rxf3+ 42. Bxf3 Qh3+ 43. Bg2 Qd3 44. Bxf4 g5 45. Be3 g4 46. Re1 g3 47. Bf4 Qxc4 48. Be3 Qxa2 49. Kg1 Qb3 50. Bd2 Qb5 51. Re4+ Kh5 52. Re5+ Qxe5 53. Rxe5+ Kg4 54. Re4+ Kf5 55. Rf4+ Ke5 56. Rf3 Kd6 57. Rxg3 Kc5 58. Rc3+ Kb5 59. Kf2 a5 60. Bf1+ Kb4 61. Rc6+ Kb3 62. Rxb6+ Ka2 63. Bxa5 Kb1 64. b4 Kc2 65. b5 Kb3 66. Rh6 Ka4 67. b6 Kxa5 68. b7 Kb4 69. Rc6 1-0


[Site "https://www.chess.com"]